 Dungeon Sprint DCSS version 0.30.1-11-g7821555f0a (webtiles) character file.

Game seed: 6195935467617527960

4 Groucho the Ducker (level 1, -1/10 HPs)
             Began as a Felid Fighter on Dec 24, 2023.
             Killed from afar by a white imp (9 damage)
             ... with a puff of frost
             ... in the Dungeon (Sprint IX: "|||||||||||||||||||||||||||||").
             The game lasted 00:00:20 (124 turns).

Groucho the Ducker (Felid Fighter)                   Turns: 124, Time: 00:00:21

Health: -1/10      AC:  1    Str: 12    XL:     1   Next: 50%
Magic:  2/2        EV: 18    Int:  9    God:
Gold:   0          SH:  0    Dex: 15    Spells: 0/0 levels left
                                        Lives:  0   Deaths: 0

rFire   . .          .
                       - Unarmed
rCold   . . .        (shield unavailable)
rNeg    . . .        (body armour unavailable)
rPois   .            (helmet unavailable)
rElec   .            (cloak unavailable)
rCorr   .            (gloves unavailable)
SInv    +            (boots unavailable)
Will    .....        (no amulet)
Stlth   ++           (no ring)
HPRegen 0.21/turn    (no ring)
MPRegen 0.08/turn

%: no teleportation
@: quick
A: very small, claws 1, fangs 3, see invisible, speed 1, shaggy fur 1, stealthy
paws, no weapons or thrown items, no armour, multi-lived
a: no special abilities


You were in the Dungeon.
You visited 1 branch

Inventory:

Scrolls
 g - a scroll of blinking
Potions
 a - a potion of might
 b - a potion of curing
 c - a potion of heal wounds
 d - a potion of haste
 e - 2 potions of magic
 f - a potion of berserk rage


   Skills:
 + Level 3.2 Fighting
 + Level 4.3 Dodging
 * Level 2.4 Stealth
 + Level 4.1 Unarmed Combat
 + Level 0.9 Invocations


You couldn't memorise any spells.
You didn't know any spells.
Your spell library was empty.

Dungeon Overview and Level Annotations

Branches:
Dungeon (1/1)

Altars:


Innate Abilities, Weirdness & Mutations

You have sharp claws.
You have razor-sharp teeth.
You have supernaturally acute eyesight. (SInv)
You cover ground quickly. (Speed+)
You are covered in fur. (AC +1)
Your paws help you pounce on unaware monsters.
You are incapable of wielding weapons or throwing items.
You cannot wear armour.
You gain extra lives every three experience levels.


Message History

You kill the rat!
The bat closely misses you. The bat hits you but does no damage.
Things that are here:
a +0 short sword; a kobold corpse You scratch the bat.
You kill the bat!
Your Stealth skill increases to level 2!
You scratch the giant cockroach.
The giant cockroach is heavily wounded.
The giant cockroach barely misses you.
You scratch the giant cockroach but do no damage.
The giant cockroach is moderately wounded.
The giant cockroach misses you. x2
You scratch the giant cockroach but do no damage.
The giant cockroach is moderately wounded.
The giant cockroach barely misses you.
You closely miss the giant cockroach.
The giant cockroach is moderately wounded.
The giant cockroach misses you.
You scratch the giant cockroach.
You kill the giant cockroach!
No target in view!
You see here a bat corpse.
You start resting.
HP restored.
You start waiting.
Done waiting.
You open the door.
An ogre, a black bear, 2 white imps and a jackal come into view.
The white imp shouts, "Decamp, thou beslubbering dizzy-eyed hugger-mugger!"
The white imp shouts, "Slither away, thou impertinent crook-pated minnow reeky!"
The jackal barks!
The ogre shouts!
You closely miss the jackal. The jackal bites you.
The black bear growls angrily.
You claw the jackal!
You kill the jackal!
The white imp gestures at you. The puff of frost hits you!
Ouch! That really hurt!
You die...

▓+▓
▓O▓
▓h▓
▓5▓
▓.▓
▓5▓
▓'▓
▓@▓
▓.▓
▓.▓
▓†▓
▓)▓
▓'▓
▓.▓
▓.▓
▓.▓


You could see a black bear, an ogre and 2 white imps.

Vanquished Creatures
  A giant cockroach (D)
  A jackal (D)
  A bat (D)
  A kobold (D)
  2 rats (D)
6 creatures vanquished.

Notes
Turn   | Place    | Note
-------+----------+-------------------------------------------
     0 | D        | Groucho the Felid Fighter began the quest for the Orb.
     0 | D        | Reached XP level 1. HP: 10/10 MP: 2/2
     6 | D        | Reached skill level 1 in Stealth
   122 | D        | Noticed an ogre
   122 | D        | Noticed a black bear
   124 | D        | Killed from afar by a white imp

Illustrated notes

Levels and vault maps discovered:
D:        linesprint [early_d, line_temple, items_1, d_10, items_2, lair_1,
          lair_end, items_3, orc_1, orc_end, items_4, d_15, swamp_1, shoals_1,
          snake_1, spider_1, d_20, vaults_1, items_5, swamp_end, shoals_end,
          snake_end, spider_end, vaults_end, d_27, items_6, zot_1, zot_end,
          crypt_end, forest_end, elf_end, slime_end, tomb_end, abyss_end,
          pan_hell_end]

Skill      XL: |  1 |
---------------+----+-----
Stealth        | 2 |  2.4
Fighting       | |  3.2
Dodging        | |  4.3
Unarmed Combat | |  4.1
Invocations    | |  0.9

Action                     || total
---------------------------++-------
  Melee: Unarmed           ||    13
   Stab: Sleeping          ||     1
 Armour: Skin              ||     1
  Dodge: Dodged            ||     7
